 Dungeon Crawl Stone Soup version 0.20.2-3-g29329e0561 (webtiles) character file.

333 Alfie the Shooter (level 6, -4/76 HPs)
             Began as a Minotaur Hunter on May 27, 2020.
             Slain by Alfie's ghost (10 damage)
             ... on level 4 of the Dungeon.
             The game lasted 00:09:00 (2063 turns).

Alfie the Shooter (Minotaur Hunter)                 Turns: 2063, Time: 00:09:01

Health: -4/76      AC:  4    Str: 24    XL:     6   Next: 27%
Magic:  5/5        EV: 12    Int:  8    God:
Gold:   148        SH:  0    Dex: 10    Spells: 5/5 levels left

rFire    . . .     SeeInvis .   b - +1 short sword
rCold    . . .     Gourm    .   (no shield)
rNeg     . . .     Faith    .   c - +0 leather armour
rPois    .         Spirit   .   (helmet restricted)
rElec    .         Reflect  .   (no cloak)
rCorr    .         Harm     .   j - +0 pair of gloves
MR       .....                  (no boots)
Stlth    ..........             (no amulet)
Regen    0.3/turn               (no ring)
MPRegen  0.1/turn               (no ring)

@: berserking, very quick
A: retaliatory headbutt, horns 2
a: no special abilities


You were on level 4 of the Dungeon.
You were not hungry.

You visited 1 branch of the dungeon, and saw 4 of its levels.

You collected 148 gold pieces.

Inventory:

Hand Weapons
 a - a +1 shortbow
 b - a +1 short sword (weapon)
Missiles
 d - 34 arrows
Armour
 c - a +0 leather armour (worn)
 j - a +0 pair of gloves (worn)
Wands
 e - a wand of lightning (5/15)
 h - a wand of iceblast (10/15)
Scrolls
 k - 3 scrolls of teleportation
 m - a scroll of fog
 p - 4 scrolls of identify
Potions
 n - a potion of ambrosia {unknown}
Comestibles
 g - a meat ration
 i - 9 fruits


   Skills:
 + Level 3.4 Fighting
 + Level 1.3 Short Blades
 + Level 7.1 Bows
 + Level 1.4 Armour
 + Level 3.1 Dodging
 + Level 1.1 Stealth


You had 5 spell levels left.
You didn't know any spells.

Dungeon Overview and Level Annotations

Branches:
Dungeon (4/15)
 Temple: D:4-7

Altars:
Yredelemnul

Annotations:
D:4 Alfie's ghost, amateur MiHu


Innate Abilities, Weirdness & Mutations

You reflexively headbutt those who attack you in melee.
You have a pair of horns on your head.


Message History

You hit Alfie's ghost.
Alfie's ghost is moderately damaged.
Alfie's ghost hits you but does no damage.
You hit Alfie's ghost.
Alfie's ghost is heavily damaged.
Alfie's ghost hits you!
* * * LOW HITPOINT WARNING * * *
You hit Alfie's ghost.
Alfie's ghost is heavily damaged.
Alfie's ghost hits you.
* * * LOW HITPOINT WARNING * * *
It was a potion of berserk rage.
A red film seems to cover your vision as you go berserk!
You feel yourself moving faster!
You feel mighty! Alfie's ghost hits you!
* * * LOW HITPOINT WARNING * * *
You are too berserk!
You closely miss Alfie's ghost. Your headbutt misses Alfie's ghost.
Alfie's ghost is heavily damaged.
Alfie's ghost hits you!
You die...

. #....#
.##...(#
.'.....
(.##....##
.o'Wo....
#.((.# .# #(#
..# #W# ...#
#####@##...#
#.....#....
#.#.....##.###
#.#..........
#.#.....##.##
#.#.###.....
#.#.###..##.
#........#
###.####.#


You could see Alfie's ghost.

Vanquished Creatures
  An ogre (D:3)
  A scorpion (D:4)
  A howler monkey (D:4)
  A hound (D:4)
  A gnoll (D:1)
  6 adders
  An ooze (D:4)
  2 leopard geckos
  6 orcs
  6 bats
  4 giant cockroaches
  5 goblins
  9 hobgoblins
  2 jackals (D:2)
  5 kobolds
  A ball python (D:3)
  4 frilled lizards
  6 rats
  A spectral orc (D:2)
63 creatures vanquished.

Notes
Turn   | Place    | Note
-------+----------+-------------------------------------------
     0 | D:1      | Alfie the Minotaur Hunter began the quest for the Orb.
     0 | D:1      | Reached XP level 1. HP: 18/18 MP: 0/0
   159 | D:1      | Reached XP level 2. HP: 25/25 MP: 1/1
   434 | D:1      | Reached skill level 5 in Bows
   534 | D:1      | Reached XP level 3. HP: 30/30 MP: 2/2
   937 | D:2      | Reached XP level 4. HP: 37/37 MP: 3/3
  1027 | D:2      | Found a basalt altar of Yredelemnul.
  1417 | D:3      | Reached skill level 1 in Stealth
  1490 | D:3      | Noticed an ogre
  1499 | D:3      | Killed an ogre
  1499 | D:3      | Reached skill level 1 in Short Blades
  1499 | D:3      | Reached skill level 6 in Bows
  1499 | D:3      | Reached skill level 1 in Armour
  1499 | D:3      | Reached XP level 5. HP: 37/45 MP: 4/4
  1932 | D:4      | Reached XP level 6. HP: 29/51 MP: 5/5
  2020 | D:4      | Reached skill level 7 in Bows
  2039 | D:4      | Noticed Alfie's ghost (amateur MiHu)
  2063 | D:4      | Slain by Alfie's ghost

Skill      XL: |  1  2  3  4  5  6 |
---------------+-------------------+-----
Bows           | 5 6 7 |  7.1
Stealth        | 1 |  1.1
Fighting       | 3 |  3.4
Short Blades   | 1 |  1.3
Armour         | 1 |  1.4
Dodging        | 3 |  3.1

Action                   |  1- 3 |  4- 6 || total
-------------------------+-------+-------++-------
Melee: Short sword       |     8 |    35 ||    43
       Headbutt          |       |     4 ||     4
 Fire: Shortbow          |    83 |    71 ||   154
  Use: Scroll            |     6 |     3 ||     9
       Potion            |       |     4 ||     4
 Stab: Sleeping          |     1 |       ||     1
  Eat: Royal jelly       |       |     1 ||     1
       Bread ration      |       |     1 ||     1
Armor: Leather armour    |    18 |    11 ||    29
Dodge: Dodged            |    32 |    36 ||    68
